 Dungeon Crawl Stone Soup version 0.21-a0-351-g38363bb (webtiles) character file.

23 xomor the Sneak (level 3, 24/24 HPs)
             Began as a Halfling Assassin on Oct 9, 2017.
             Got out of the dungeon alive.
             The game lasted 00:03:02 (1131 turns).

xomor the Sneak (Halfling Assassin)                 Turns: 1131, Time: 00:03:03

Health: 24/24      AC:  3    Str: 12    XL:     3   Next: 10%
Magic:  3/3        EV: 14    Int:  9    God:
Gold:   112        SH:  0    Dex: 16    Spells: 2/2 levels left

rFire    . . .     SeeInvis .   a - +2 dagger
rCold    . . .     Gourm    .   (shield restricted)
rNeg     . . .     Faith    .   c - +0 robe
rPois    .         Spirit   .   (no helmet)
rElec    .         Reflect  .   d - +0 cloak
rCorr    .         Harm     .   (no gloves)
MR       .....                  (no boots)
Stlth    +++.......             (no amulet)
HPRegen  0.08/turn              (no ring)
MPRegen  0.08/turn              (no ring)

@: no status effects
A: mutation resistance 1
a: no special abilities


You escaped.
You were not hungry.

You visited 1 branch of the dungeon, and saw 2 of its levels.

You collected 112 gold pieces.

Inventory:

Hand Weapons
 a - a +2 dagger (weapon)
 b - a +0 blowgun
 k - a +0 mace
Missiles
 e - 27 poisoned needles
 f - 2 curare-tipped needles
 h - 21 stones (quivered)
Armour
 c - a +0 robe (worn)
 d - a +0 cloak (worn)
Jewellery
 m - an uncursed amulet of regeneration {unknown}
 t - an uncursed ring of ice {unknown}
Scrolls
 i - a scroll of remove curse {unknown}
 l - a scroll of teleportation {unknown}
 q - a scroll of amnesia {unknown}
Potions
 j - a potion of agility {unknown}
 o - a potion of degeneration {unknown}
 p - a potion of curing {unknown}
Comestibles
 g - a bread ration
 n - a royal jelly
 r - a fruit
 s - a chunk of flesh


   Skills:
 - Level 1.7 Fighting
 + Level 4.1 Short Blades
 - Level 2.0 Throwing
 - Level 1.1 Dodging
 - Level 4.3 Stealth


You had 2 spell levels left.
You didn't know any spells.

Dungeon Overview and Level Annotations

Branches:
Dungeon (2/15)

Altars:


Innate Abilities, Weirdness & Mutations

You are small and have problems with some larger weapons.
You are somewhat resistant to further mutation.


Message History

s - 2 chunks of flesh (gained 1) Saving game... please wait.
Welcome back, xomor the Halfling Assassin.
Press ? for a list of commands and other information.
(D) Dungeon
Where to? (? - help)
What level of the Dungeon? (default 1, ? - help)
Found a war axe.
There is a stone staircase leading up here.
You climb upwards.
There is a stone staircase leading down here.
You are feeling hungry.
Eating one of 2 chunks of flesh.
You eat one of the 2 chunks of flesh.
This raw flesh tastes terrible.
There is an open door here.
You open the door.
There is an open door here.
There is a staircase leading out of the dungeon here.
Are you sure you want to leave the Dungeon?
This will make you lose the game!
You have escaped!

#.# #.# #.#
######.# #.#
#.#####.###......#
## #.#
#...........######
#. #.##
#######.##### #.
.#.#######...##.#
#.
###........#'####
#.
.#..#.#######..#
#. #.#.#.#
###'#'### #####.
#.#.#.# #...#[.@#
#...#. #.#.#.#
#.#+#'### #.....
#.....####.##..#
#...##
#..........#'###
##.##
.......##....#
##.##
.......##.#####
##.#.##
.......##.##..#
####.###..
..............#
##### #...## ##.
........###...#
#...# #.##.###..


There were no monsters in sight!

Vanquished Creatures
  A giant cockroach (D:1)
  5 goblins (D:1)
  3 hobgoblins (D:1)
  5 bats
  4 frilled lizards (D:1)
  A kobold (D:2)
  4 rats
23 creatures vanquished.

Notes
Turn   | Place    | Note
-------+----------+-------------------------------------------
     0 | D:1      | xomor the Halfling Assassin began the quest for the Orb.
     0 | D:1      | Reached XP level 1. HP: 14/14 MP: 1/1
    63 | D:1      | Reached XP level 2. HP: 16/19 MP: 2/2
   703 | D:1      | Reached XP level 3. HP: 22/24 MP: 3/3
  1131 | D:$      | Got out of the dungeon alive.

Vault maps used:
D:1:      erik_arrival_triangle_small, corner_web_ring
D:2:      lemuel_crystal_altar, lemuel_crystal_altar,
          chequers_temple_overflow_statue_of_worship, minmay_misc_feat_pillars

Skill      XL: |  1  2 |
---------------+-------+-----
Short Blades   | 3 4 |  4.1
Fighting       | |  1.7
Throwing       | |  2.0
Dodging        | |  1.1
Stealth        | |  4.3

Action                   || total
-------------------------++-------
Melee: Dagger            ||    51
 Stab: Sleeping          ||     8
  Eat: Chunk             ||     1
Armor: Robe              ||     9
Dodge: Dodged            ||    33

Table legend:
 A = Spawn XP
 B = Non-spawn XP
 C = Spawn XP percentage of total XP
 D = Spawn monster count
 E = Non-spawn monster count
 F = Spawn count percentage of total count
 G = Total turns spent on level
                    A         B        C        D         E        F      G
               +---------+---------+-------+---------+---------+-------+---------
         Total |       0 |      33 |   0.0 |       0 |      23 |   0.0 |  1131
               +---------+---------+-------+---------+---------+-------+---------
           D:1 |       0 |      29 |   0.0 |       0 |      20 |   0.0 |  1055
           D:2 |       0 |       4 |   0.0 |       0 |       3 |   0.0 |    76
               +---------+---------+-------+---------+---------+-------+---------
